AoeStats
← EMERCATORM

Oasis

508325672Analyzed
4v4 RM · 11d ago on Sep 21, 2026· 61m 22s· 8 players
Game mode
Random Map
Map size
Large (8 player)
Population
200
Speed
Normal
Resources
Standard
Victory
Conquest
Starting age
Dark Age
Ending age
Imperial Age
RankedLock teamsTeams togetherTeam positionsShared explorationLock speedFull tech treeHidden civsTurbo modeCheats
Victory
Defeat
🇺🇸 Mapuche · United States
855
+14
🇵🇪 Huns · Peru
808
+16
🇺🇸 Poles · United States
773
+17
🇵🇱 Franks · Poland
706
+19
🇨🇱 Cumans · Chile
859
-55
🇨🇱 Bohemians · Chile
828
-18
🇨🇱 Vikings · Chile
818
-46
🇨🇱 Franks · Chile
677
-29
Walkdog38
0:27 Loom
13:16 Feudal Age
13:39 Horse Collar
13:50 Double-Bit Axe
14:06 Stone Mining
22:22 Castle Age
22:31 Gold Mining
23:58 Husbandry
24:08 Bloodlines
25:05 Bow Saw
26:58 Wheelbarrow
27:03 Heavy Plow
28:11 Scale Barding Armor
29:56 Hand Cart
30:51 Szlachta Privileges
34:57 Imperial Age
32:24 Light Cavalry
33:51 Pikeman
34:31 Squires
34:17 Arson
36:57 Chemistry
35:39 Treadmill Crane
37:53 Cavalier
37:54 Winged Hussar
39:14 Bombard Tower
42:36 Crop Rotation
44:40 Stone Shaft Mining
44:01 Elite Obuch
44:12 Sappers
45:18 Hoardings
45:04 Conscription
44:39 Crossbowman
45:43 Thumb Ring
46:17 Arbalester
47:21 Lechitic Legacy
47:50 Town Watch
47:58 Fletching
48:09 Padded Archer Armor
48:30 Chain Barding Armor
48:11 Scale Mail Armor
49:27 Town Patrol
49:54 Leather Archer Armor
49:51 Forging
55:29 Iron Casting
56:12 Arrowslits
56:33 Siege Engineers
56:24 Murder Holes
56:40 Fortified Wall
56:41 Masonry
56:52 Ballistics
Juggsgotcha2711
5:01 Loom
12:59 Feudal Age
14:25 Wheelbarrow
18:44 Horse Collar
20:04 Double-Bit Axe
23:30 Town Watch
25:08 Champi Runner
26:16 Champi Runner
27:41 Forging
27:33 Scale Mail Armor
28:30 Fletching
31:04 Castle Age
29:15 Arson
30:20 Padded Archer Armor
31:08 Gold Mining
32:03 Hand Cart
31:21 Champi Warrior
32:11 Heavy Plow
33:36 Bow Saw
34:47 Bodkin Arrow
35:28 Iron Casting
35:10 Leather Archer Armor
35:51 Chain Mail Armor
40:10 Pikeman
44:14 Imperial Age
43:33 Masonry
45:07 Gold Shaft Mining
45:43 Crop Rotation
46:29 Architecture
46:16 Murder Holes
46:24 Halberdier
47:31 Malon
49:02 Blast Furnace
49:35 Hoardings
50:58 Butalmapu
51:22 Conscription
51:54 Plate Mail Armor
52:56 Town Patrol
52:41 Elite Kona
53:26 Capped Ram
55:32 Siege Engineers
58:54 Elite Bolas Rider
60:13 Ring Archer Armor
fadul2105
12:25 Feudal Age
13:44 Double-Bit Axe
13:53 Loom
17:14 Castle Age
18:32 Bow Saw
18:18 Fletching
22:35 Wheelbarrow
30:47 Imperial Age
28:14 Horse Collar
30:35 Bodkin Arrow
34:51 Gold Mining
34:36 Heavy Cavalry Archer
35:42 Parthian Tactics
39:23 Hand Cart
40:05 Parthian Tactics
39:50 Thumb Ring
43:30 Two-Man Saw
42:44 Heavy Plow
44:45 Gold Shaft Mining
44:01 Stone Mining
45:39 Bracer
48:18 Padded Archer Armor
49:03 Ballistics
49:44 Chemistry
49:22 Bloodlines
49:13 Husbandry
48:42 Elite Tarkan
50:18 Conscription
49:45 Light Cavalry
50:46 Leather Archer Armor
50:25 Hussar
51:41 Forging
54:23 Iron Casting
53:54 Scale Barding Armor
60:13 Blast Furnace
59:34 Chain Barding Armor
jagermesiter
0:30 Loom
13:23 Feudal Age
14:06 Man-at-Arms
25:26 Castle Age
32:49 Light Cavalry
35:19 Double-Bit Axe
35:28 Gold Mining
35:30 Stone Mining
36:54 Husbandry
38:01 Bow Saw
37:25 Pikeman
38:09 Squires
38:35 Forging
39:27 Scale Mail Armor
45:28 Imperial Age
43:42 Wheelbarrow
44:54 Iron Casting
44:25 Scale Barding Armor
45:05 Long Swordsman
45:30 Cavalier
60:06 Paladin
EMERCATORM
1:18 Loom
10:46 Feudal Age
11:09 Horse Collar
11:18 Double-Bit Axe
18:33 Gold Mining
18:33 Stone Mining
24:59 Castle Age
25:41 Crossbowman
27:24 Heavy Plow
27:07 Pikeman
27:48 Squires
37:54 Imperial Age
37:11 Forging
37:01 Scale Mail Armor
54:15 Heavy Scorpion
58:29 Chemistry
Camilooo
1:30 Loom
10:57 Feudal Age
10:59 Man-at-Arms
11:32 Double-Bit Axe
20:47 Castle Age
20:39 Scale Mail Armor
21:45 Wheelbarrow
21:11 Crossbowman
22:23 Town Watch
23:07 Horse Collar
24:20 Fletching
26:20 Pikeman
34:16 Imperial Age
32:22 Bow Saw
35:37 Chemistry
36:22 Conscription
38:53 Halberdier
39:33 Squires
39:19 Arson
42:35 Two-Man Saw
42:23 Hand Cart
44:13 Town Patrol
43:56 Heavy Scorpion
55:01 Chain Mail Armor
54:56 Forging
54:52 Scale Barding Armor
59:27 Squires
Fox
10:39 Feudal Age
9:24 Loom
11:05 Double-Bit Axe
13:23 Wheelbarrow
17:15 Gold Mining
17:35 Horse Collar
24:16 Castle Age
25:16 Hand Cart
25:19 Heavy Plow
26:33 Bow Saw
28:00 Gold Shaft Mining
27:47 Bloodlines
28:27 Pikeman
29:11 Squires
29:43 Stone Mining
30:30 Steppe Husbandry
33:57 Scale Barding Armor
34:03 Forging
34:02 Light Cavalry
35:16 Town Watch
38:45 Imperial Age
40:05 Elite Steppe Lancer
42:04 Caravan
47:30 Conscription
46:31 Elite Kipchak
47:20 Cuman Mercenaries
48:51 Hussar
50:43 Crop Rotation
51:42 Iron Casting
52:34 Chain Barding Armor
jignaciopoblete
0:36 Loom
15:07 Feudal Age
16:29 Wheelbarrow
42:50 Castle Age
46:58 Hand Cart
49:17 Imperial Age
49:25 Husbandry
48:50 Crossbowman
50:42 Cavalier
53:07 Conscription
52:41 Double-Bit Axe
53:45 Bow Saw
53:04 Light Cavalry
57:09 Chivalry
57:28 Scale Barding Armor
57:34 Forging
57:34 Elite Skirmisher
Connection lost

Rejoining the realm…

Still unreachable

The connection could not be restored.

Session expired

The server has moved on; the page needs a fresh start.